 Dungeon Sprint DCSS version 0.30.1-9-gdf580d7c3d (webtiles) character file.

Game seed: 5331380747392854979

104848 Heoruswealwe the Minotaur Porcupine (level 15, -6/173 HPs)
             Began as a Minotaur Fighter on Oct 14, 2023.
             Was an Initiate of Gozag.
             Mangled by a naga warrior
             ... wielding a +1 trident of pain
              (10 damage)
             ... in the Dungeon (Sprint IX: "|||||||||||||||||||||||||||||").
             The game lasted 00:56:56 (4724 turns).

Heoruswealwe the Minotaur Porcupine (MiFi)          Turns: 4724, Time: 00:56:58

Health: -6/173     AC: 39    Str: 41    XL:     15   Next: 56%
Magic:  14/14      EV: 11    Int:  4    God:    Gozag
Gold:   1753       SH:  0    Dex:  8    Spells: 14/14 levels left

rFire   + . .        b - +2 halberd (vamp)
rCold   + . .        (shield currently unavailable)
rNeg    . . .        c - +18 Lear's hauberk
rPois   +            (helmet currently unavailable)
rElec   .            h - +2 cloak {rCorr}
rCorr   +            (gloves currently unavailable)
SInv    .            (boots currently unavailable)
Will    +....        (no amulet) Stlth
                     k - ring "Rakhlosch" {rPois rF+ rC+ Str+2 Slay+4}
HPRegen 0.48/turn    j - +6 ring of strength
MPRegen 0.14/turn

%: no teleportation
@: untranslocatable, gold aura, constricted
A: horns 2, retaliatory headbutt, strong 1, evolution 1
}: 1/17 runes: barnacled
a: Renounce Religion, Potion Petition, Call Merchant, Bribe Branch


You were in the Dungeon.
You worshipped Gozag.
Gozag was most pleased with you.
You visited 1 branch You collected 20281 gold pieces.
You spent 13029 gold pieces at shops.
You paid 5499 gold pieces to Gozag.

Inventory:

Hand Weapons
 a - a +0 demon trident
 b - a +2 vampiric halberd (weapon)
 t - a +1 bardiche of flaming
 D - the +10 morningstar "Eos" {elec, Halo rElec}
   (You bought it in a shop in the Dungeon)

   Halo:      It grants its wielder a halo, revealing invisible creatures and
   increasing accuracy against all within it other than the wielder.
   rElec:     It insulates you from electricity.
 H - the +4 consecrated labrys {holy, Valiant Fragile Fly SInv}
   (You bought it in a shop in the Dungeon)

   Valiant:   It becomes more powerful as more dangerous foes come into view.
   SInv:      It lets you see invisible.
   Fly:       It grants you flight.
   Fragile:   It will be destroyed if unequipped.
Armour
 c - the +18 Lear's hauberk (worn)
   (You bought it in a shop in the Dungeon)
 d - a +3 tower shield
 e - a +0 pair of boots
 f - a +0 pair of gloves
 g - a +1 hat
 h - a +2 cloak of preservation (worn)
 w - the +0 pair of fencer's gloves {Riposte Dex+3}
   (You bought it in a shop in the Dungeon)

   Riposte:   It allows the wearer to riposte with melee weapons, swiftly
   retaliating against missed or blocked melee attacks.
   Dex:       It affects your dexterity (+3).
Jewellery
 j - a +6 ring of strength (right hand)
 k - the ring "Rakhlosch" (left hand) {rPois rF+ rC+ Str+2 Slay+4}
   (You bought it in a shop in the Dungeon)

   [ring of slaying]

   Str:       It affects your strength (+2).
   Slay:      It affects your accuracy & damage with ranged weapons and melee
   (+4).
   rF:        It protects you from fire.
   rC:        It protects you from cold.
   rPois:     It protects you from poison.
Wands
 l - a wand of iceblast (10)
 q - a wand of mindburst (3)
 y - a wand of polymorph (4)
 G - a wand of flame (13)
Scrolls
 o - 2 scrolls of blinking
 p - 10 scrolls of enchant armour
 x - a scroll of silence
 E - 4 scrolls of identify
Potions
 i - 2 potions of berserk rage
 m - a potion of might
 n - 2 potions of mutation
 s - 8 potions of curing
 z - 2 potions of heal wounds
Miscellaneous
 u - a phial of floods
 v - a lightning rod (4/4)
 B - a condenser vane
 C - a piece from Xom's chessboard (15/15)


   Skills:
 + Level 26.4 Fighting
 * Level 15.2 Maces & Flails
 O Level 27 Polearms
 + Level 26.4 Armour
 - Level 13.7 Dodging
 + Level 18.4 Shields
 - Level 11.6 Evocations


You had 14 spell levels left.
You didn't know any spells.
Your spell library was empty.

Dungeon Overview and Level Annotations

Branches:
Dungeon (1/1)

Altars:
Cheibriados
Dithmenos
Elyvilon
Fedhas
Gozag
Hepliaklqana
Kikubaaqudgha
Makhleb
Nemelex Xobeh
Okawaru
Qazlal
Ru
Sif Muna
Trog
Uskayaw
Vehumet
Wu Jian
Xom
Yredelemnul
Zin
The Shining One
Jiyva
Lugonu

Shops:
D *::*=****(


Innate Abilities, Weirdness & Mutations

You have a pair of horns on your head.
You reflexively headbutt those who attack you in melee.
Your muscles are strong. (Str +4, Int/Dex -1)
You have hidden genetic potential.


Message History

The nagaraja spits poison at you. The splash of poison hits you. You resist.
* * * LOW HITPOINT WARNING * * *
The nagaraja constricts you.
* * * LOW HITPOINT WARNING * * *
You open the nagaraja like a pillowcase!!!
You feel better.
You kill the nagaraja!
The naga warrior hits you with a +0 flail.
* * * LOW HITPOINT WARNING * * *
The naga warrior grabs you. The naga warrior constricts you.
You closely miss the naga warrior.
The naga warrior is lightly wounded.
The guardian serpent hits you.
* * * LOW HITPOINT WARNING * * *
You hit the naga warrior.
The naga warrior is lightly wounded.
The guardian serpent hits you but does no damage.
The naga warrior hits you with a +0 flail!
* * * LOW HITPOINT WARNING * * *
The naga warrior constricts you.
You completely miss the naga warrior. You headbutt the naga warrior!
The naga warrior is heavily wounded.
The guardian serpent hits you but does no damage.
The naga warrior roars a battlecry!
The naga warrior goes into a battle-frenzy!
The naga warrior constricts you.
The naga warrior hits you from afar with a +1 trident of pain!!
* * * LOW HITPOINT WARNING * * *
You writhe in agony.
* * * LOW HITPOINT WARNING * * *
You feel much better. The guardian serpent misses you. You furiously retaliate!
You headbutt the guardian serpent! The guardian serpent hits you.
* * * LOW HITPOINT WARNING * * *
The naga warrior hits you with a +0 flail!!
* * * LOW HITPOINT WARNING * * *
The naga warrior constricts you.
The naga warrior hits you from afar with a +1 trident of pain!
You die...
Your body crumbles into a pile of gold.

..).')).).....).).)....')).)).)))
▓▓▓▓▓▓▓▓▓▓▓▓▓▓▓▓▓▓▓▓▓▓▓▓▓▓▓▓▓▓▓▓▓
........)))))....................
▓▓▓▓▓▓▓▓▓▓▓▓▓▓▓▓▓▓▓▓▓▓▓▓▓▓▓▓▓▓▓▓▓
.==="=..).)))))...[[[[[[......!..
▓▓▓▓▓▓▓▓▓▓▓▓▓▓▓▓▓▓▓▓▓▓▓▓▓▓▓▓▓▓▓▓▓
............).............[......
▓▓▓▓▓▓▓▓▓▓▓▓▓▓▓▓▓▓▓▓▓▓▓▓▓▓▓▓▓▓▓▓▓
).))))).'$$$$$$N@SN...+
▓▓▓▓▓▓▓▓▓▓▓▓▓▓▓▓▓▓▓▓▓▓▓ $ $


You could see 2 naga warriors and a guardian serpent.

Vanquished Creatures
  Boris (D)
  Frederick (D)
  Margery (D)
  Jory (D)
  A sphinx (D)
  5 nagarajas (D)
  Ilsuiw (D)
  2 fire giants (D)
  An emperor scorpion (D)
  Aizul (D)
  2 frost giants (D)
  3 vault wardens (D)
  An ironbound preserver (D)
  A stone giant (D)
  A broodmother (D)
  A stone giant (shapeshifter) (D)
  A very ugly thing (D)
  An ironbound thunderhulk (D)
  Azrael (D)
  An eleionoma (D)
  A dire elephant (D)
  A spark wasp (D)
  An ettin (D)
  A fire dragon (D)
  3 yaktaur captains (D)
  4 merfolk impalers (D)
  3 merfolk javelineers (D)
  A hydra (D)
  A centaur warrior (D)
  2 merfolk avatars (D)
  4 ice dragons (D)
  A ghost crab (D)
  An alligator snapping turtle (D)
  3 merfolk aquamancers (D)
  2 rakshasas (D)
  A death knight (D)
  2 ironbound frosthearts (D)
  A two-headed ogre (D)
  2 satyrs (D)
  3 boulder beetles (D)
  A vampire mage (D)
  3 naga warriors (D)
  2 deep troll shamans (D)
  2 deep troll earth magi (D)
  A death yak (D)
  2 shock serpents (D)
  6 hell knights (D)
  3 orc high priests (D)
  Sonja (D)
  A swamp dragon (D)
  A flayed ghost (D)
  2 sea snakes (D)
  A spriggan druid (D)
  A wizard (D)
  A glowing orange brain (D)
  3 ironbound convokers (D)
  2 steelbarb worms (D)
  6 orc knights (D)
  3 necromancers (D)
  An ugly thing (D)
  A wolf spider (D)
  3 orc sorcerers (D)
  2 manticores (D)
  2 cyclopes (D)
  A moth of wrath (D)
  2 cane toads (D)
  4 naga magi (D)
  2 torpor snails (D)
  3 vault sentinels (D)
  A water nymph (D)
  7 elephants (D)
  4 black mambas (D)
  2 gargoyles (D)
  A rime drake (D)
  A kobold demonologist (D)
  4 komodo dragons (D)
  A troll (D)
  A freezing wraith (D)
  2 merfolk (D)
  A tarantella (shapeshifter) (D)
  3 hornets (D)
  A blink frog (D)
  A tarantella (D)
  A culicivora (D)
  A spriggan (D)
  2 wraiths (D)
  4 yaks (D)
  A basilisk (D)
  5 fire elementals (D)
  A steam dragon (shapeshifter) (D)
  3 nagas (D)
  A hell hound (D)
  A water moccasin (D)
  9 orc warriors (D)
  A swamp drake (D)
  A black bear (D)
  An ogre (D)
  A boggart (D)
  A centaur (D)
  A bullfrog (D)
  An orc priest (D)
  8 orc wizards (D)
  An adder (D)
  A gnoll (D)
  An ufetubus (D)
  8 orcs (D)
  2 ball pythons (D)
  2 kobolds (D)
  A rat (D)
219 creatures vanquished.

Vanquished Creatures (others)
  A goliath frog (D)
  A spriggan druid (D)
  An unseen horror (D)
  A bloated husk (D)
  A spriggan (D)
  A boggart (D)
6 creatures vanquished.

Grand Total: 225 creatures vanquished

Notes
Turn   | Place    | Note
-------+----------+-------------------------------------------
     0 | D        | Heoruswealwe the Minotaur Fighter began the quest for the
                  | Orb.
     0 | D        | Reached XP level 1. HP: 19/19 MP: 0/0
     8 | D        | Reached skill level 3 in Polearms
    17 | D        | Noticed a black bear
    17 | D        | Noticed an ogre
    22 | D        | Reached skill level 4 in Polearms
    22 | D        | Reached XP level 2. HP: 27/28 MP: 1/1
    23 | D        | Reached skill level 5 in Fighting
    23 | D        | Reached skill level 5 in Polearms
    23 | D        | Reached skill level 5 in Armour
    24 | D        | Killed a black bear
    25 | D        | Reached skill level 8 in Polearms
    25 | D        | Reached XP level 3. HP: 25/38 MP: 2/2
    25 | D        | Reached XP level 4. HP: 30/45 MP: 3/3
    29 | D        | Killed an ogre
    30 | D        | Reached skill level 10 in Polearms
    30 | D        | Reached XP level 5. HP: 37/53 MP: 4/4
    36 | D        | Found a snail-covered altar of Cheibriados.
    36 | D        | Found a shadowy altar of Dithmenos.
    36 | D        | Found a white marble altar of Elyvilon.
    36 | D        | Found a blossoming altar of Fedhas.
    36 | D        | Found an opulent altar of Gozag.
    37 | D        | Found a hazy altar of Hepliaklqana.
    38 | D        | Found a viscous altar of Jiyva.
    39 | D        | Found an ancient bone altar of Kikubaaqudgha.
    40 | D        | Found a corrupted altar of Lugonu.
    41 | D        | Found a burning altar of Makhleb.
    42 | D        | Found a sparkling altar of Nemelex Xobeh.
    43 | D        | Found an iron altar of Okawaru.
    44 | D        | Became a worshipper of Gozag Ym Sagoz the Greedy
    45 | D        | Found a stormy altar of Qazlal.
    46 | D        | Found a sacrificial altar of Ru.
    47 | D        | Found a shimmering blue altar of Sif Muna.
    48 | D        | Found a bloodstained altar of Trog.
    49 | D        | Found a hide-covered altar of Uskayaw.
    50 | D        | Found a radiant altar of Vehumet.
    51 | D        | Found an ornate altar of the Wu Jian Council.
    52 | D        | Found a shimmering altar of Xom.
    53 | D        | Found a basalt altar of Yredelemnul.
    54 | D        | Found a glowing silver altar of Zin.
    55 | D        | Found a glowing golden altar of the Shining One.
   113 | D        | Noticed a wraith
   113 | D        | Noticed a centaur
   113 | D        | Noticed a troll
   113 | D        | Noticed a gargoyle
   113 | D        | Noticed a yak
   116 | D        | Killed a wraith
   117 | D        | Reached skill level 11 in Polearms
   117 | D        | Reached XP level 6. HP: 59/62 MP: 5/5
   118 | D        | Killed an unseen horror
   122 | D        | Reached skill level 12 in Polearms
   125 | D        | Killed a troll
   126 | D        | Reached skill level 10 in Fighting
   126 | D        | Reached skill level 13 in Polearms
   126 | D        | Reached skill level 10 in Armour
   126 | D        | Reached XP level 7. HP: 53/72 MP: 6/6
   129 | D        | Killed a gargoyle
   130 | D        | Reached skill level 14 in Polearms
   133 | D        | Killed a yak
   134 | D        | Reached skill level 15 in Polearms
   134 | D        | Reached XP level 8. HP: 41/82 MP: 7/7
   257 | D        | Noticed a cyclops
   257 | D        | Noticed a gargoyle
   257 | D        | Noticed a troll
   257 | D        | Noticed a kobold demonologist
   257 | D        | Noticed a two-headed ogre
   264 | D        | a troll changed into a harpy
   264 | D        | Noticed a harpy (shapeshifter)
   265 | D        | Killed a cyclops
   266 | D        | Reached skill level 16 in Polearms
   269 | D        | Killed a gargoyle
   275 | D        | a harpy changed into a tarantella
   275 | D        | Noticed a tarantella (shapeshifter)
   281 | D        | Killed a tarantella
   282 | D        | Reached skill level 17 in Polearms
   282 | D        | Reached XP level 9. HP: 17/92 MP: 8/8
   298 | D        | Killed a kobold demonologist
   305 | D        | Killed a two-headed ogre
   306 | D        | Reached skill level 18 in Polearms
   574 | D        | Noticed a cane toad
   574 | D        | Noticed a rime drake
   578 | D        | Killed a cane toad
   579 | D        | Noticed a torpor snail
   581 | D        | Killed a rime drake
   584 | D        | Reached skill level 19 in Polearms
   586 | D        | Noticed a black mamba
   590 | D        | Reached XP level 10. HP: 98/104 MP: 9/9
   593 | D        | Killed a torpor snail
   603 | D        | Killed a black mamba
   607 | D        | Reached skill level 20 in Polearms
   649 | D        | Noticed a death yak
   655 | D        | Reached skill level 15 in Fighting
   655 | D        | Reached skill level 15 in Armour
   661 | D        | Killed a death yak
   661 | D        | Noticed a black mamba
   671 | D        | Reached skill level 21 in Polearms
   672 | D        | Noticed a cane toad
   679 | D        | Killed a black mamba
   685 | D        | Killed a cane toad
   834 | D        | Noticed an elephant
   834 | D        | Noticed a dire elephant
   834 | D        | Noticed an elephant
   834 | D        | Noticed an elephant
   834 | D        | Noticed an elephant
   834 | D        | Noticed an elephant
   841 | D        | Killed a dire elephant
   842 | D        | Reached XP level 11. HP: 76/115 MP: 10/10
   846 | D        | Reached skill level 22 in Polearms
  1188 | D        | Reached skill level 23 in Polearms
  1253 | D        | Noticed an orc knight
  1253 | D        | Noticed an orc high priest
  1255 | D        | Noticed an orc sorcerer
  1258 | D        | Killed an orc knight
  1262 | D        | Noticed an orc knight
  1265 | D        | Killed an orc high priest
  1273 | D        | Killed an orc sorcerer
  1282 | D        | Killed an orc knight
  1286 | D        | Reached skill level 24 in Polearms
  1350 | D        | Found Haenuscho's Assorted Antiques.
  1350 | D        | Noticed an orc sorcerer
  1350 | D        | Noticed an orc knight
  1350 | D        | Noticed an orc knight
  1350 | D        | Noticed an orc high priest
  1358 | D        | Killed an orc sorcerer
  1365 | D        | Killed an orc knight
  1366 | D        | Found Yrotatia's Book Shoppe.
  1366 | D        | Noticed an orc knight
  1374 | D        | Killed an orc knight
  1377 | D        | Noticed an orc sorcerer
  1379 | D        | Killed an orc high priest
  1387 | D        | Killed an orc knight
  1391 | D        | Found Ynled's Book Emporium.
  1402 | D        | Paralysed by an orc sorcerer for 2 turns
  1405 | D        | Killed an orc sorcerer
  1406 | D        | Reached XP level 12. HP: 42/128 MP: 11/11
  1409 | D        | Found Yfuap's General Store.
  1414 | D        | Noticed an orc high priest
  1426 | D        | Reached skill level 25 in Polearms
  1429 | D        | Killed an orc high priest
  1492 | D        | Bought a scroll labelled LAOMEN EZIO for 28 gold pieces
  1492 | D        | Bought a scroll labelled LAOMEN EZIO for 28 gold pieces
  1492 | D        | Bought a blue potion for 25 gold pieces
  1492 | D        | Bought a blue potion for 25 gold pieces
  1492 | D        | Bought a potion of curing for 84 gold pieces
  1492 | D        | Bought a runed cloak for 210 gold pieces
  1498 | D        | Bought a potion of brilliance for 48 gold pieces
  1498 | D        | Bought a scroll of identify for 24 gold pieces
  1498 | D        | Bought a scroll of brand weapon for 114 gold pieces
  1498 | D        | Bought a scroll of identify for 24 gold pieces
  1535 | D        | Bought the ring "Rakhlosch" {rPois rF+ rC+ Str+2 Slay+4}
                  | for 1472 gold pieces
  1565 | D        | Bought a phial of floods for 720 gold pieces
  1565 | D        | Bought a scroll of poison for 72 gold pieces
  1565 | D        | Bought the +18 Lear's hauberk for 1818 gold pieces
  1565 | D        | Found the +18 Lear's hauberk
  1565 | D        | Bought a scroll of silence for 171 gold pieces
  1623 | D        | Bought a potion of curing for 90 gold pieces
  1623 | D        | Bought a lightning rod (4/4) for 900 gold pieces
  1623 | D        | Bought a scroll labelled ADWYBBETACH for 30 gold pieces
  1623 | D        | Bought a scroll labelled RAVOIR SACLEN for 30 gold pieces
  1623 | D        | Bought a scroll labelled RAVOIR SACLEN for 30 gold pieces
  1662 | D        | Noticed Sonja
  1669 | D        | Killed Sonja
  1808 | D        | Noticed a boulder beetle
  1808 | D        | Noticed a centaur warrior
  1808 | D        | Noticed a boulder beetle
  1808 | D        | Noticed a death knight
  1820 | D        | Killed a centaur warrior
  1834 | D        | Killed a boulder beetle
  1836 | D        | Killed a boulder beetle
  1838 | D        | Noticed an ice dragon
  1843 | D        | Killed a death knight
  1844 | D        | Reached skill level 26 in Polearms
  1844 | D        | Noticed an ettin
  1845 | D        | Noticed a vampire mage
  1846 | D        | Noticed a stone giant
  1851 | D        | Noticed a deep troll shaman
  1852 | D        | Noticed an ice dragon
  1857 | D        | Killed an ice dragon
  1865 | D        | Killed a stone giant
  1869 | D        | Killed an ettin
  1878 | D        | Killed a vampire mage
  1883 | D        | a black bear changed into an entropy weaver
  1883 | D        | Noticed an entropy weaver (glowing shapeshifter)
  1885 | D        | an entropy weaver changed into a hog
  1888 | D        | Killed a deep troll shaman
  1889 | D        | Reached skill level 27 in Polearms
  1897 | D        | Killed an ice dragon
  2065 | D        | Noticed Aizul
  2084 | D        | Killed Aizul
  2256 | D        | Noticed an eleionoma
  2256 | D        | Noticed a ghost crab
  2281 | D        | Killed an eleionoma
  2282 | D        | Reached skill level 1 in Dodging
  2282 | D        | Reached skill level 1 in Evocations
  2285 | D        | Noticed a five-headed hydra
  2289 | D        | Killed a ghost crab
  2290 | D        | Reached XP level 13. HP: 117/143 MP: 12/12
  2300 | D        | Reached skill level 5 in Shields
  2376 | D        | Noticed an emperor scorpion
  2387 | D        | Killed an emperor scorpion
  2611 | D        | Bought the +0 pair of fencer's gloves {Riposte Dex+3} for
                  | 1200 gold pieces
  2611 | D        | Found the +0 pair of fencer's gloves {Riposte Dex+3}
  2611 | D        | Bought a condenser vane for 1200 gold pieces
  2852 | D        | Reached skill level 5 in Dodging
  2866 | D        | Noticed a spark wasp
  2867 | D        | Noticed a broodmother
  2873 | D        | Killed a spark wasp
  2874 | D        | Reached skill level 5 in Evocations
  2881 | D        | Killed a broodmother
  2968 | D        | Noticed a nagaraja
  2968 | D        | Noticed a nagaraja
  2981 | D        | Reached skill level 10 in Shields
  2985 | D        | Killed a nagaraja
  2990 | D        | Killed a nagaraja
  3044 | D        | Bought a potion of curing for 51 gold pieces
  3044 | D        | Bought a scroll of immolation for 68 gold pieces
  3044 | D        | Bought a +1 hat for 187 gold pieces
  3044 | D        | Bought a scroll of identify for 34 gold pieces
  3044 | D        | Bought a scroll of enchant weapon for 127 gold pieces
  3044 | D        | Bought a wand of flame (13) for 154 gold pieces
  3080 | D        | Noticed Azrael
  3092 | D        | Killed Azrael
  3306 | D        | Noticed a fire giant
  3306 | D        | Noticed a fire giant
  3306 | D        | Noticed a frost giant
  3313 | D        | Killed a fire giant
  3322 | D        | Reached skill level 10 in Dodging
  3322 | D        | Reached XP level 14. HP: 149/155 MP: 13/13
  3333 | D        | Killed a fire giant
  3343 | D        | Killed a frost giant
  3349 | D        | Noticed a purple very ugly thing
  3354 | D        | Noticed a stone giant
  3355 | D        | a stone giant changed into a sphinx
  3355 | D        | Noticed a sphinx (glowing shapeshifter)
  3359 | D        | a sphinx changed into a shadow dragon
  3359 | D        | Noticed a shadow dragon (glowing shapeshifter)
  3363 | D        | a shadow dragon changed into an iron giant
  3363 | D        | Noticed an iron giant (glowing shapeshifter)
  3366 | D        | Killed a purple very ugly thing
  3370 | D        | Noticed a frost giant
  3370 | D        | an iron giant changed into a fire giant
  3370 | D        | Noticed a fire giant (glowing shapeshifter)
  3375 | D        | a fire giant changed into an eleionoma
  3377 | D        | an eleionoma changed into a stone giant
  3377 | D        | Noticed a stone giant (glowing shapeshifter)
  3379 | D        | Killed a stone giant
  3397 | D        | Reached skill level 10 in Evocations
  3403 | D        | Killed a frost giant
  3465 | D        | Noticed an ironbound preserver
  3466 | D        | Noticed an ironbound thunderhulk
  3474 | D        | Killed an ironbound preserver
  3494 | D        | Noticed a vault warden
  3496 | D        | Noticed a vault warden
  3504 | D        | Noticed a vault warden
  3506 | D        | Killed an ironbound thunderhulk
  3516 | D        | Noticed a sphinx
  3517 | D        | Killed a vault warden
  3523 | D        | Killed a vault warden
  3530 | D        | Killed a vault warden
  3538 | D        | Killed a sphinx
  3541 | D        | Reached skill level 15 in Shields
  3633 | D        | Bought a potion of lignification for 57 gold pieces
  3633 | D        | Bought a scroll of identify for 38 gold pieces
  3633 | D        | Bought a wand of polymorph (4) for 106 gold pieces
  3633 | D        | Bought a piece from Xom's chessboard (15/15) for 380 gold
                  | pieces
  3648 | D        | Bought the +10 morningstar "Eos" {elec, Halo rElec} for
                  | 2368 gold pieces
  3648 | D        | Found the +10 morningstar "Eos" {elec, Halo rElec}
  3648 | D        | Bought the +4 consecrated labrys {holy, Valiant Fragile Fly
                  | SInv} for 1116 gold pieces
  3648 | D        | Found the +4 consecrated labrys {holy, Valiant Fragile Fly
                  | SInv}
  3751 | D        | Noticed Margery
  3771 | D        | Killed Margery
  3772 | D        | Reached skill level 5 in Maces & Flails
  3802 | D        | Reached XP level 15. HP: 73/169 MP: 14/14
  4012 | D        | Noticed Jory
  4024 | D        | Killed Jory
  4313 | D        | Gained mutation: You are agile. (Dex +4, Str/Int -1)
                  | [potion of mutation]
  4313 | D        | Gained mutation: You have sharp fingernails. [potion of
                  | mutation]
  4314 | D        | Lost mutation: You are agile. (Dex +4, Str/Int -1) [potion
                  | of mutation]
  4314 | D        | Lost mutation: You have sharp fingernails. [potion of
                  | mutation]
  4314 | D        | Gained mutation: You have hidden genetic potential. [potion
                  | of mutation]
  4314 | D        | Gained mutation: Your muscles are strong. (Str +4, Int/Dex
                  | -1) [potion of mutation]
  4351 | D        | Noticed Boris
  4367 | D        | Killed Boris
  4501 | D        | Noticed Frederick
  4507 | D        | Killed Frederick
  4508 | D        | Reached skill level 10 in Maces & Flails
  4557 | D        | Noticed Ilsuiw
  4579 | D        | Killed Ilsuiw
  4633 | D        | Got a barnacled rune of Zot
  4664 | D        | Noticed a nagaraja
  4665 | D        | Noticed a nagaraja
  4673 | D        | Killed a nagaraja
  4688 | D        | Killed a nagaraja
  4699 | D        | Noticed a nagaraja
  4710 | D        | Reached skill level 15 in Maces & Flails
  4720 | D        | Killed a nagaraja
  4723 | D        | HP: 8/173 [naga warrior/+1 trident of pain (5)]
  4724 | D        | Mangled by a naga warrior

Illustrated notes

Levels and vault maps discovered:
D:        linesprint [early_d, line_temple, items_1, d_10, items_2, lair_1,
          lair_end, items_3, orc_1, orc_end, items_4, d_15, swamp_1, shoals_1,
          snake_1, spider_1, d_20, vaults_1, items_5, swamp_end, shoals_end,
          snake_end, spider_end, vaults_end, d_27, items_6, zot_1, zot_end,
          crypt_end, forest_end, elf_end, slime_end, tomb_end, abyss_end,
          pan_hell_end]

Skill      XL: |  1  2  3  4  5  6  7  8  9 10 11 12 13 14 15 |
---------------+----------------------------------------------+-----
Polearms       | 4 8 10 11 13 15 17 19 21 24 27 | 27.0
Fighting       | 4 6 7 8 10 11 12 14 16 18 21 22 25 26 | 26.4
Armour         | 4 6 7 8 10 11 12 14 16 18 21 22 25 26 | 26.4
Dodging        | 2 10 13 | 13.7
Shields        | 4 11 16 18 | 18.4
Evocations     | 2 8 11 | 11.6
Maces & Flails | 7 15 | 15.2

Action                     |  1- 3 |  4- 6 |  7- 9 | 10-12 | 13-15 || total
---------------------------+-------+-------+-------+-------+-------++-------
  Melee: Trident           |    13 |     5 |       |       |       ||    18
         Headbutt          |     3 |     1 |    14 |    80 |   117 ||   215
         Halberd           |       |    11 |    54 |   329 |   471 ||   865
 Invoke: Call Merchant     |       |       |       |     3 |     3 ||     6
    Use: Potion            |       |       |     5 |     3 |    13 ||    21
         Scroll            |       |       |       |     3 |     3 ||     6
   Stab: Distracted        |       |       |       |     8 |     6 ||    14
 Armour: Scale mail        |     3 |     2 |       |       |       ||     5
         Chain mail        |       |     6 |    21 |   122 |   184 ||   333
         Plate armour      |       |       |       |    12 |       ||    12
  Dodge: Dodged            |     3 |    10 |    16 |    76 |   127 ||   232
  Block: Buckler           |     2 |       |       |       |       ||     2
